Map: Alcyone LE

Players

Mamedkonfet

  • Race: Protoss Protoss
  • League: Platinum
  • Spawn Location: 7:00

demzi - Winner!

  • Race: Zerg Zerg
  • League: Diamond
  • Spawn Location: 1:00

VOD

Have the link to the VOD?

Description

Time

  • Played on: March 24, 2024, 3:08 p.m.
  • Length: 15:00
Show
View Real Time Build Order
Export as new Build Order

Mamedkonfet Protoss 

Build Orders: Oracle Opening, Chargelot Immortal 

Get SALT Encoding   

  12  0:00  Probe  
  13  0:18  Pylon  
  13  0:19  Probe (Chrono Boost)  
  14  0:28  Probe (Chrono Boost)  
  15  0:34  Probe  
  15  0:42  Gateway  
  16  0:48  Pylon  
  16  0:54  Probe  
  17  0:59  Assimilator  
  17  1:10  Probe (Chrono Boost)  
  18  1:12  Assimilator  
  18  1:22  Probe (Chrono Boost)  
  19  1:29  Probe (Chrono Boost), Pylon  
  20  1:35  Forge  
  20  1:39  Probe  
  21  1:46  Cybernetics Core  
  21  1:51  Zealot  
  23  2:08  Photon Cannon  
  23  2:11  Photon Cannon  
  23  2:15  Probe  
  24  2:23  Warp Gate  
  24  2:28  Pylon  
  24  2:36  Photon Cannon  
  24  2:38  Probe  
  25  2:50  Stargate, Probe  
  26  3:01  Shield Battery  
  26  3:05  Probe  
  27  3:17  Probe  
  28  3:32  Nexus  
  28  3:37  Oracle  
  28  3:38  Probe (Chrono Boost)  
  32  3:46  Pylon  
  32  3:48  Probe (Chrono Boost)  
  33  3:49  Sentry  
  33  3:53  Probe (Chrono Boost)  
  36  4:01  Pylon  
  36  4:05  Probe  
  37  4:17  Shield Battery  
  37  4:19  Oracle (Chrono Boost), Probe  
  41  4:31  Gateway  
  41  4:35  Stalker  
  43  4:39  Probe (Chrono Boost)  
  44  4:53  Probe (Chrono Boost)  
  44  4:54  Probe (Chrono Boost)  
  44  4:56  Pylon  
  45  5:04  Probe x2 (Chrono Boost)  
  51  5:10  Void Ray  
  51  5:13  Assimilator  
  51  5:15  Probe  
  51  5:16  Probe  
  51  5:20  Robotics Facility  
  53  5:27  Probe  
  53  5:28  Gateway, Probe  
  55  5:32  Stalker  
  57  5:40  Probe  
  55  6:07  Stalker x2  
  55  6:11  Assimilator  
  59  6:13  Pylon  
  59  6:17  Observer  
  60  6:23  Nexus  
  60  6:25  Pylon  
  60  6:29  Pylon  
  60  6:31  Probe x2  
  60  6:32  Pylon  
  62  6:39  Zealot x3  
  68  6:45  Observer  
  68  6:46  Twilight Council  
  69  6:49  Robotics Facility  
  69  6:50  Gateway  
  69  6:53  Gateway  
  69  6:55  Gateway  
  69  6:59  Probe x2  
  71  7:01  Zealot  
  71  7:04  Protoss Ground Weapons Level 1  
  73  7:21  Pylon  
  73  7:27  Probe x2  
  75  7:30  Zealot x3  
  81  7:41  Gateway x2  
  81  7:42  Probe (Chrono Boost)  
  81  7:43  Gateway, Probe (Chrono Boost)  
  83  7:46  Sentry  
  83  7:47  Sentry  
  83  7:48  Charge (Chrono Boost)  
  88  7:52  Probe x2 (Chrono Boost)  
  88  7:58  Observer  
  93  8:04  Immortal x2 (Chrono Boost)  
  97  8:07  Probe x2  
  97  8:12  Stalker  
  101  8:24  Probe x2 (Chrono Boost)  
  101  8:26  Probe (Chrono Boost)  
  104  8:28  Shield Battery  
  104  8:32  Shield Battery  
  104  8:34  Shield Battery  
  104  8:36  Probe (Chrono Boost)  
  104  8:37  Probe (Chrono Boost)  
  104  8:40  Probe (Chrono Boost)  
  107  8:41  Immortal  
  107  8:44  Immortal  
  115  8:51  Assimilator  
  115  8:55  Assimilator  
  115  9:14  Protoss Ground Weapons Level 2 (Chrono Boost)  
  115  9:19  Zealot x5  
  115  9:22  Templar Archives  
  125  9:25  Forge  
  125  9:27  Pylon  
  125  9:28  Forge  
  125  9:29  Pylon  
  125  9:31  Pylon  
  124  9:55  Stalker x4  
  124  9:56  Stalker x2  
  136  10:05  Gateway x2  
  136  10:07  Gateway  
  136  10:11  Gateway, Warp Prism  
  136  10:13  Protoss Shields Level 1 (Chrono Boost)  
  138  10:17  Protoss Ground Armor Level 1 (Chrono Boost)  
  138  10:28  High Templar x2  
  134  11:02  Robotics Bay  
  134  11:03  Immortal  
  138  11:15  Zealot  
  140  11:26  Nexus, Pylon  
  140  11:28  Pylon x2  
  140  11:30  Pylon  
  140  11:31  Pylon  
  140  11:32  Pylon  
  140  11:35  Pylon  
  140  11:41  Probe  
  140  11:43  Probe x2  
  143  11:51  Warp Prism (Chrono Boost)  
  143  11:54  High Templar x5  
  155  12:04  Zealot x5  
  165  12:12  Colossus (Chrono Boost)  
  167  12:27  Colossus (Chrono Boost)  
  173  12:37  Zealot x6  
  171  12:38  Zealot x3  
  181  12:52  Probe x3  
  181  12:53  Psionic Storm  
  164  13:18  Zealot x7  
  146  13:23  Archon  
  129  13:33  Zealot  
  85  13:51  Zealot x9  
  95  13:59  Colossus (Chrono Boost)  
  95  14:02  Colossus (Chrono Boost)  
  63  14:26  High Templar x3  
  63  14:28  Zealot x6  
  68  14:32  Archon  
  62  14:40  Sentry  
Show
View Real Time Build Order
Export as new Build Order

demzi Zerg - Winner!

Build Orders: Hatch First 

Get SALT Encoding   

  12  0:00  Drone  
  13  0:13  Overlord  
  13  0:17  Drone  
  14  0:32  Drone x2  
  16  0:55  Drone  
  16  0:56  Drone  
  18  1:00  Hatchery  
  17  1:07  Drone x2  
  17  1:10  Extractor  
  18  1:20  Spawning Pool  
  18  1:23  Drone  
  18  1:28  Drone  
  19  1:39  Drone  
  20  1:50  Overlord  
  20  2:08  Zergling x2  
  20  2:11  Zergling x2  
  20  2:13  Queen x2  
  26  2:16  Drone  
  27  2:25  Roach Warren  
  27  2:29  Spine Crawler  
  25  2:32  Spine Crawler  
  25  2:36  Drone  
  23  3:01  Hatchery  
  20  3:27  Roach x3  
  20  3:28  Roach x2  
  20  3:30  Overlord  
  30  3:54  Queen  
  32  3:59  Drone x3  
  32  4:00  Drone x3  
  38  4:17  Drone x2  
  38  4:19  Queen  
  42  4:24  Overlord  
  42  4:41  Hatchery  
  41  4:46  Drone x4  
  41  4:48  Drone  
  41  4:50  Drone  
  47  5:04  Overlord  
  47  5:08  Drone x2  
  47  5:09  Drone x2  
  47  5:11  Lair  
  51  5:14  Extractor  
  51  5:19  Drone x2  
  51  5:20  Overlord  
  51  5:21  Extractor  
  51  5:23  Overlord  
  51  5:31  Overlord  
  33  5:57  Drone  
  33  5:58  Drone x9  
  41  6:06  Queen  
  43  6:18  Drone x5  
  48  6:23  Drone x2  
  48  6:24  Drone  
  51  6:26  Drone  
  52  6:33  Drone  
  52  6:35  Drone  
  52  6:36  Hydralisk Den  
  52  6:37  Drone  
  52  6:39  Drone  
  55  6:46  Drone x3  
  58  6:48  Drone  
  58  6:49  Drone  
  60  6:55  Drone x3  
  60  6:58  Drone  
  60  7:00  Drone x2  
  66  7:16  Roach x6  
  66  7:17  Roach  
  66  7:19  Roach  
  82  7:28  Overlord x3  
  82  7:47  Roach  
  82  7:48  Roach x10  
  104  7:52  Drone x2  
  104  7:57  Glial Reconstitution  
  106  7:59  Muscular Augments  
  106  8:06  Overlord x3, Evolution Chamber  
  106  8:07  Evolution Chamber  
  106  8:11  Ravager x2  
  106  8:15  Overlord x2  
  106  8:21  Extractor  
  106  8:22  Overlord x2  
  106  8:24  Extractor  
  106  8:25  Drone x3  
  106  8:26  Drone x2  
  109  8:28  Drone  
  109  8:29  Drone  
  109  8:30  Drone  
  109  8:32  Drone  
  109  8:33  Drone  
  114  8:34  Drone  
  114  8:37  Roach  
  114  8:38  Roach  
  119  8:41  Zerg Missile Weapons Level 1  
  119  8:45  Zerg Ground Armor Level 1  
  119  8:51  Roach  
  119  8:52  Roach x3  
  119  8:54  Hydralisk  
  129  8:57  Hydralisk  
  129  9:00  Hydralisk  
  133  9:07  Baneling Nest  
  132  9:15  Overseer  
  132  9:22  Overlord x3  
  132  9:23  Hydralisk x4, Roach  
  132  9:24  Roach  
  142  9:27  Zergling x4  
  142  9:28  Zergling x2  
  142  9:29  Zergling x2  
  142  9:30  Zergling x2  
  149  9:34  Grooved Spines  
  149  9:42  Zergling x10  
  149  9:43  Zergling x4  
  156  9:53  Overlord x2  
  156  9:56  Overlord  
  156  9:58  Overlord  
  156  10:04  Hatchery  
  155  10:18  Roach x9  
  150  10:44  Hydralisk  
  150  10:45  Roach  
  150  10:46  Roach x6  
  158  11:04  Zergling x22  
  167  11:21  Hydralisk  
  167  11:22  Hydralisk x6  
  181  11:38  Zergling x4  
  181  11:39  Zergling x10  
  188  11:41  Queen  
  190  11:56  Centrifugal Hooks  
  190  12:00  Baneling  
  190  12:01  Baneling x22  
  190  12:02  Baneling x3  
  190  12:06  Hydralisk x3  
  190  12:07  Hydralisk  
  138  13:20  Hydralisk, Roach  
  138  13:21  Hydralisk x20, Roach x7  
  145  13:35  Zergling x2, Drone, Roach  
  145  13:36  Zergling x8  
  147  13:46  Drone x2  
  141  14:10  Drone x7  
  141  14:12  Hatchery  
  141  14:14  Hatchery  
  131  14:29  Drone x7  
  131  14:30  Drone x2  
  137  14:32  Extractor  
  137  14:35  Extractor  
  130  14:44  Drone x3  
  130  14:45  Drone x3  
Tags
 
Add a new tag
Caveats
  • Supply blocks, unpowered buildings, or Contaminate may cause inaccurate times.
  • Supply counts are checked every 10 seconds.